 Dungeon Crawl Stone Soup version 0.29.1-13-g9f3cf754e1 (webtiles) character file.

Game seed: 6271951809490776647

1785 MisterFreud the Cruncher (level 9, -1/65 (68) HPs)
             Began as a Formicid Gladiator on Jan 25, 2023.
             Engulfed by a steam dragon's steam (6 damage)
             ... on level 6 of the Dungeon.
             The game lasted 00:05:47 (7162 turns).

MisterFreud the Cruncher (Formicid Gladiator)       Turns: 7162, Time: 00:05:48

HP:   -1/65 (68)    AC:  5    Str: 21    XL:     9   Next: 29%
MP:   0/9           EV: 12    Int:  8    God:
Gold: 263           SH:  0    Dex: 17    Spells: 8/8 levels left

rFire   . . .      SeeInvis +   a - +0 quarterstaff
rCold   . . .      Faith    .   (no shield)
rNeg    . . .      Spirit   +   b - +0 leather armour
rPois   .          Reflect  .   (helmet unavailable)
rElec   .          Harm     .   l - +1 cloak {Will+}
rCorr   .          Rampage  .   (no gloves)
Will    +....                   (no boots)
Stlth   +.........              u - amulet of guardian spirit
HPRegen 0.20/turn               (no ring)
MPRegen 0.11/turn               (no ring)

@: lightly drained
A: permanent stasis, dig shafts and tunnels, antennae 3, four strong arms
a: Dig, Shaft Self


You were on level 6 of the Dungeon.
You visited 1 branch of the dungeon, and saw 6 of its levels.

You collected 263 gold pieces.

Inventory:

Hand Weapons
 a - a +0 quarterstaff (weapon)
Missiles
 c - 4 throwing nets (quivered)
 d - 4 javelins
 g - 24 poisoned darts
 q - 7 boomerangs
Armour
 b - a +0 leather armour (worn)
 l - a +1 cloak of willpower (worn)
 o - a scarf of repulsion
 r - a scarf of shadows
Jewellery
 t - a ring of flight
 u - an amulet of guardian spirit (around neck)
Wands
 y - a wand of charming (7)
Scrolls
 f - a scroll of identify
 m - a scroll of vulnerability
 n - a scroll of enchant weapon {unknown}
 v - 4 scrolls of teleportation
 z - a scroll of magic mapping
 A - a scroll of torment {unknown}
Potions
 e - 2 potions of attraction
 h - a potion of flight {unknown}
 i - 2 potions of heal wounds
 j - a potion of lignification {unknown}
 k - a potion of might {unknown}
 p - a potion of ambrosia {unknown}
 s - 4 potions of curing
 w - a potion of mutation {unknown}
 x - 3 potions of haste


   Skills:
 - Level 5.0 Fighting
 - Level 10.0 Staves
 - Level 2.0 Throwing
 - Level 5.0 Armour
 - Level 2.6 Dodging
 + Level 0.9 Evocations


You had 8 spell levels left.
You didn't know any spells.
Your spell library contained the following spells:

 Spells                   Type           Power      Damage    Failure   Level
 Foxfire                  Conj/Fire      0%         2x1d4     45%         1
 Magic Dart               Conj           0%         1d3       45%         1
 Call Imp                 Summ           0%         N/A       58%         2
 Conjure Flame            Conj/Fire      0%         6-21      83%         3
 Inner Flame              Hex/Fire       0%         N/A       83%         3
 Mephitic Cloud           Conj/Pois/Air  0%         N/A       83%         3
 Flame Wave               Conj/Fire      0%         2d4       99%         4
 Malign Gateway           Summ/Tloc      0%         N/A       100%        7
 Summon Horrible Things   Summ           0%         N/A       100%        8


Dungeon Overview and Level Annotations

Branches:
Dungeon (6/15)
 Temple: D:4-7

Altars:
Zin

Annotations:
D:5 3 runed translucent doors, theswoord's ghost, novice DsHu


Innate Abilities, Weirdness & Mutations

You cannot be hasted, slowed, berserked, paralysed or teleported.
You can dig through walls and to a lower floor.
You have a pair of large antennae on your head. (SInv)
Your four strong arms can wield two-handed weapons with a shield.


Message History

You barely miss the gnoll bouda.
The gnoll bouda is lightly wounded.
The gnoll bouda barely misses you.
You sock the gnoll bouda!
The gnoll bouda is almost dead.
The gnoll bouda prays to its god.
The gnoll bouda is healed somewhat.
You sock the gnoll bouda!
The gnoll bouda is almost dead.
You sock the gnoll bouda!
You kill the gnoll bouda!
Training target 10.0 for Staves reached!
Your Staves skill increases to level 10!
You need to enable at least one skill for training.
You thump the steam dragon!
The steam dragon is severely wounded.
The steam dragon breathes steam at you. The ball of steam hits you!
Unknown command.
You hit the steam dragon but do no damage.
The steam dragon is severely wounded.
You are engulfed in a cloud of scalding steam.
The steam dragon barely misses you. x2
Unknown command.
You closely miss the steam dragon.
The steam dragon is severely wounded.
You are engulfed in a cloud of scalding steam.
* * * LOW HITPOINT WARNING * * *
The steam dragon bites you!
* * * LOW HITPOINT WARNING * * *
The steam dragon barely misses you.
You hit the steam dragon.
The steam dragon is severely wounded.
You are engulfed in a cloud of scalding steam.
* * * LOW HITPOINT WARNING * * *
Unknown command.
You hit the steam dragon.
The steam dragon is severely wounded.
You are engulfed in a cloud of scalding steam.
You die...

♣ ♣♣♣
.♣?.♣♣ ♣♣♣
♣♣....♣
♣♣>♣ #
...[.♣ ♣..♣
# ♣...?♣
♣♣.♣♣ #
♣♣♣...♣
♣.♣♣ #
♣♣@D.♣♣♣
♣.♣ #
♣♣.♣♣.♣
♣♣.♣ #
♣.♣♣♣♣♣
♣.♣♣ # ♣♣.♣
♣.♣ # ♣.♣♣
♣♣♣.♣ #
♣♣.♣ ♣..♣♣
# ♣.♣♣
♣♣♣♣♣♣♣.♣♣
# ♣♣.♣
♣♣...♣♣..♣
# ♣.♣♣
♣♣.♣♣.♣..♣♣


You could see a steam dragon.

Vanquished Creatures
  A steam dragon (D:6)
  2 ice beasts (D:6)
  A black bear (D:6)
  2 centaurs
  5 phantoms
  A kobold brigand (D:3)
  2 bullfrogs (D:6)
  2 necrophages (D:5)
  A gnoll sergeant (D:6)
  A scorpion (D:6)
  A wight (D:6)
  2 hounds
  A jelly (D:6)
  2 iguanas
  A gnoll bouda (D:6)
  2 orc wizards
  A gnoll (D:2)
  3 adders
  A shadow imp (D:6)
  A white imp (D:6)
  3 ufetubi
  3 worms
  19 orcs
  13 endoplasms
  5 giant cockroaches
  9 hobgoblins
  11 jackals
  4 quokkas
  5 ball pythons
  3 bats (D:1)
  A frilled lizard (D:1)
  7 goblins
  6 kobolds
  10 rats
132 creatures vanquished.

Notes
Turn   | Place    | Note
-------+----------+-------------------------------------------
     0 | D:1      | MisterFreud the Formicid Gladiator began the quest for the
                  | Orb.
     0 | D:1      | Reached XP level 1. HP: 16/16 MP: 1/1
     1 | D:1      | Found a runed translucent door.
   206 | D:1      | Reached XP level 2. HP: 8/22 MP: 2/2
   617 | D:1      | Reached skill level 4 in Staves
   617 | D:1      | Reached XP level 3. HP: 25/27 MP: 3/3
  1326 | D:1      | Reached XP level 4. HP: 21/33 MP: 4/4
  1577 | D:2      | Reached skill level 5 in Staves
  1742 | D:2      | You fall into a shaft and drop 1 floor!
  1916 | D:3      | Reached XP level 5. HP: 29/38 MP: 5/5
  2281 | D:3      | Noticed a kobold brigand
  2301 | D:3      | Killed a kobold brigand
  2302 | D:3      | Reached skill level 6 in Staves
  2538 | D:3      | Reached XP level 6. HP: 45/45 MP: 6/6
  2983 | D:4      | Reached skill level 1 in Armour
  3236 | D:4      | You fall into a shaft and drop 2 floors!
  3315 | D:6      | Reached XP level 7. HP: 35/52 MP: 2/7
  3930 | D:5      | Entered Level 5 of the Dungeon
  4098 | D:6      | Reached skill level 7 in Staves
  4105 | D:6      | Reached XP level 8. HP: 22/61 MP: 3/8
  5298 | D:5      | Noticed theswoord's ghost (novice DsHu)
  5389 | D:5      | Found a runed translucent gate.
  5389 | D:5      | Found a runed translucent gate.
  5389 | D:5      | Found a runed translucent gate.
  5410 | D:5      | Reached skill level 5 in Fighting
  5782 | D:5      | Reached skill level 5 in Armour
  6028 | D:5      | Reached skill level 8 in Staves
  6454 | D:6      | Found a glowing silver altar of Zin.
  6518 | D:6      | Reached skill level 9 in Staves
  6518 | D:6      | Reached XP level 9. HP: 29/68 MP: 1/9
  6531 | D:6      | HP: 2/68 [black bear (2)]
  7158 | D:6      | Reached skill level 10 in Staves
  7162 | D:6      | Engulfed by a steam dragon's steam

Illustrated notes

Levels and vault maps discovered:
D:1:      dpeg_arrival_caged_fury, layout_basic
D:2:      layout_rooms, basic_altar, chequers_ecumenical_altar_twisty,
          minmay_tiny_reverse_x
D:3:      layout_rooms
D:4:      layout_basic, kennysheep_nondescript, nrook_campfire
D:5:      layout_basic, gammafunk_ghost_icy
D:6:      kb_forest_paths, layout_loops_ring, zin_statuary, grunt_ministairs_14,
          minmay_misc_feat_diagonals

Skill      XL: |  1  2  3  4  5  6  7  8  9 |
---------------+----------------------------+-----
Staves         | 4 5 6 7 9 10 | 10.0
Armour         | 2 3 5 |  5.0
Fighting       | 3 4 5 |  5.0
Throwing       | |  2.0
Dodging        | |  2.6
Evocations     | |  0.9

Action                   |  1- 3 |  4- 6 |  7- 9 || total
-------------------------+-------+-------+-------++-------
Melee: Quarterstaff      |   105 |   131 |   257 ||   493
       Punch             |     1 |     1 |     3 ||     5
 Abil: Shaft Self        |       |     1 |       ||     1
  Use: Scroll            |       |       |    12 ||    12
       Potion            |       |       |     2 ||     2
 Stab: Sleeping          |     1 |     1 |     1 ||     3
Armor: Leather armour    |    28 |    28 |    60 ||   116
Dodge: Dodged            |    75 |   101 |   153 ||   329
